Workbook

Sheet ENCABEZADO
B7: ENCABEZAMIENTO
B9: Por el periodo correspondiente al ejercicio cerrado del 2019 iniciado el 01 de enero hasta el 31 de diciembre de 2019 presentado en forma comparativa con el mismo periodo del ejercicio anterior.
B11: Denominación: | C11: CREDISOLUCION S.A.E.C.A.
B13: Domicilio Legal: | C13: Estrella 402 e/ Colón PB.
B15: Actividad Principal: | C15: Otorgamiento de Créditos sin aval Bancario
B17: Inscripción en el Registro Público de Comercio | C17: Del Estatuto o Contrato Social: 1) Escritura Nº 40 de fecha 14 de Julio de 2010,Inscripto en los registro de Personas Jurídicas y Asociaciones bajo el Nº 549, folios 6246, Serie "A",de fecha 23 de Julio del 2010 e Inscripta en el Registro Publico de Comercio bajo el Nº 311 Serie "G" y el folio 4538 y sgtes. de fecha 23 de Julio de 2010.
C18: De las Modificaciones 1) De los Estatutos Sociales y Aumento de Capital s/ Escritura Nº 132 de fecha 16 de Mayo del 2013, Inscripto en el Registro de Personas Jurídicas y Asociaciones bajo el Nº 498, folio 6858 Serie ·C", en fecha 03 de Setiembre del 2013 e Inscripto en el Registro Público de Comercio bajo el Nº 132 Serie "H" y el folio 1403 y sgtes. de fecha 14 de Junio del 2013.
J19: 2010 | K19: 2013 | L19: 2016
J20: 3200000000 | K20: 15000000000 | L20: 15000000000 | M20: Total
C21: 2) De los Estatutos Sociales s/ Escritura Nº 17 de fecha 19 de Setiembre del 2016, Inscripto en el Registro de Personas Jurídicas y Asociaciones bajo el Nº 01,folio 01 Serie Comercial, en fecha 22 de Diciembre del 2016 e Inscripto en el Registro Publico de Comercio bajo el Nº 01 Serie Comercial y el folio 1 al 10 de fecha 22 de Diciembre del 2016. | J21: 1600000000 | K21: 4800000000 | L21: 5000000000 | M21: A
J22: 1600000000 | K22: 3600000000 | L22: 7000000000 | M22: B
J23: 0 | K23: 6600000000 | L23: 3000000000 | M23: C
C25: 3) De transformación a sociedad SAECA y aumento de Capital s/ Escritura Nº 45 de fecha 24 de Noviembre del 2017, Inscripto en el Registro de Personas Jurídicas y Asociaciones bajo el Nº 02,folio 11 y sgtes. Serie Comercial, en fecha 09 de Marzo del 2018 e Inscripto en el Registro Publico de Comercio bajo el Nº 02 Serie Comercial y el folio 11 al 26 de fecha 09 de Marzo del 2018.
C29: 4) De los Estatutos Sociales y aumento de Capital s/ Escritura Nº 24 de fecha 18 de Octubre del 2018, Inscripto en el Registro de Personas Jurídicas y Asociaciones bajo el Nº 03,folio 31 Serie Comercial, en fecha 24 de Enero del 2019 e Inscripto en el Registro Publico de Comercio bajo el Nº 03 Serie Comercial y el folio 31 y sgtes. de fecha 24 de Enero del 2019.
B34: Inscripción en la Comisión Nacional de Valores: | C34: Credisolución se encuentra Inscripta y reconocida como S.A.E.C.A, según Resolución Nº CNV N° 35 E/18, Acta de Directorio Nº 051 de fecha 12 DE JULIO DE 2018., de la Comisión Nacional de Valores
B36: Fecha de Vencimiento del estatuto o contrato social: | C36: La duración de la Entidad se fija en noventa y nueve años contados a partir del día en que la modificación de los estatutos sociales sea registrada en los correspondientes Registros Públicos, pudiendo ser prorrogado su termino o anticiparse su disolución por resolución de la Asamblea General de Accionistas.
C37: El Estatuto o contrato social vence el 10 de Julio del 2109.
B39: Composición del capital: | C39: El Capital Social de la Entidad esta compuesto de Acciones Ordinarias de Voto Multiple, con 5 Votos por Acción, de Acciones Ordinarias Simples, con 1 voto por Acción y de Acciones Preferidas, sin derecho a voto.
C41: Acciones
B43: Cantidad | C43: Tipo | D43: N° de votos que Otorga c/u | E43: Suscripto Miles Gs. | F43: Integrado Miles Gs.
B44: =SUM(B45:B50) -> 45000000000 | C44: TOTAL | E44: =SUM(E45:E50) -> 45000000 | F44: =SUM(F45:F50) -> 27816000
B45: 12000000000 | C45: ACCIONES VOTO MULTIPLE | D45: 5 | E45: 12000000 | F45: 9132000
B46: 15000000000 | C46: ACCIONES VOTO SIMPLE | D46: 1 | E46: 15000000 | F46: 12898000
B47: 3000000000 | C47: ACCIONES PREFERIDAS - CLASE A | D47: 0 | E47: 3000000 | F47: 1096000
B48: 300000000 | C48: ACCIONES PREFERIDAS - CLASE B | D48: 0 | E48: 300000 | F48: 300000
B49: 5700000000 | C49: ACCIONES PREFERIDAS - CLASE C | D49: 0 | E49: 5700000 | F49: 4390000
B50: 9000000000 | C50: ACCIONES PREFERIDAS - s/características | D50: 0 | E50: 9000000 | F50: 0
B54: HUMBERTO RAMALHO | C54: Abog. JUAN VALDEZ | F54: BLAS TITO BENEGAS ISEAS
B55: CONTADOR | C55: SINDICO | F55: PRESIDENTE

Sheet BALANCE
B5: CREDISOLUCION S.A.E.C.A.
B6: BALANCE O ESTADO DE SITUACION PATRIMONIAL AL 31/12/2019 COMPARATIVO CON EL PERIODO ANTERIOR
B7: (En miles de guaranies)
B9: ACTIVO | C9: 43830 | D9: 43465 | E9: PASIVO | F9: 43830 | G9: 43465
B10: ACTIVO CORRIENTE | E10: PASIVO CORRIENTE | F10: 0 | G10: 0
B11: Disponibilidades (Nota C.1) | C11: 3004074.3 | D11: 2908990.5 | E11: Deudas financieras Sec. Financ (Nota C.9) | F11: 37200349 | G11: 32282469
B12: Inversiones Temp. | C12: 0 | D12: 0 | E12: Deudas Financieras Sect No Financ (Nota C.9) | F12: 25697462 | G12: 18194189
B13: Créditos Otorgados (Nota C.4) | C13: 1.0790749e+08 | D13: 86389438 | E13: Rem y Cargas Sociales a Pagar | F13: 119939 | G13: 104225.52
B14: Otros Créditos | C14: 0 | D14: 0 | E14: Impuesto a la Renta a Pagar | F14: 770170.71 | G14: 738790.67
B15: Bienes de Cambio | C15: 0 | D15: 0 | E15: Dividendos a Pagar | F15: 0 | G15: 0
B16: Anticpos Imp. a la Renta | C16: 738790.67 | D16: 599640.4 | E16: IVA a pagar | F16: 227452.8 | G16: 153911.31
B17: Otros Activos (Notas C.6) | C17: 669797.64 | D17: 861816.87 | E17: Otros pasivos (Nota C.10) | F17: 810253.04 | G17: 1613723.2
B18: Total del Activo Corriente | C18: 1.1232016e+08 | D18: 90759886 | F18: 0 | G18: 0
E19: Total del Pasivo Corriente | F19: 64825627 | G19: 53087308
B22: ACTIVO NO CORRIENTE | C22: 0 | D22: 0 | E22: PASIVO NO CORRIENTE
B23: Créditos Otorgados (Nota C.4) | C23: 16915156 | D23: 14940888 | E23: Deudas financieras Sec. Financ (Nota C.9) | F23: 1113843.9 | G23: 912975.92
B24: Previsiones (anexo E y Nota C.5) | C24: -8141801.2 | D24: -4786517.6
B25: Otros Créditos | C25: 0 | D25: 0 | E25: Deudas Financieras Sect No Financ (Nota C.9) | F25: 23756793 | G25: 27013091
B26: Bienes de Cambio | C26: 0 | D26: 0
B27: Acciones en Otras Empresas (Anexos C Nota C.8) | C27: 150000 | D27: 150000 | F27: 0 | G27: 0
B28: Bienes de Uso (Anexo A y Nota C.7) | C28: 2214128.5 | D28: 1838984.6
B29: Activos Intangibles (AnexoB y Nota C.7) | C29: 42313.474 | D29: 72987.055 | E29: Total del pasivo no Corriente | F29: 24870637 | G29: 27926067
B30: Otros Activos | C30: 0 | D30: 0 | E30: Total del Pasivo | F30: 89696264 | G30: 81013375
C31: 0 | D31: 0
B32: Total del Activo no Corriente | C32: 11179797 | D32: 12216342 | E32: PATRIMONIO NETO
B33: Total del Activo | C33: 1.2349995e+08 | D33: 1.0297623e+08 | E33: Capital Social (Notas D) | F33: 27816000 | G33: 17322000
E34: Aporte para Futuro aumento | F34: 1797.274 | G34: 4035.116
E35: Primas por ventas de acciones | F35: 210350 | G35: 179000
E36: Reserva Legal | F36: 570600.04 | G36: 373593.72
E37: Reserva de Revaluo | F37: 182684.04 | G37: 144098.14
E38: Resultados Acumulados | F38: 0 | G38: 0
E39: Resultados de Ejercicio | F39: 5022257.3 | G39: 3940126.4
E40: Total Patrimonio Neto | F40: 33803689 | G40: 21962853
E41: Total del Pasivo y Patrimonio Neto | F41: 1.2349995e+08 | G41: 1.0297623e+08
B45: CUENTAS DE CONTINGENCIAS Y DE ORDEN | E45: CUENTAS DE CONTINGENCIAS Y DE ORDEN
B46: DEUDORAS | E46: ACREEDORAS
C47: 43830 | D47: 43465 | F47: 43830 | G47: 43465
B48: CUENTAS DE ORDEN (NOTA F) | C48: 19055959 | D48: 5603654.1 | E48: CUENTAS DE ORDEN (NOTA F) | F48: 19055959 | G48: 5603654.1
B49: TOTAL | C49: 19055959 | D49: 5603654.1 | E49: TOTAL | F49: 19055959 | G49: 5603654.1
B52: Las notas y anexos que se acompañan son parte integrante de los estados contables
B55: HUMBERTO RAMALHO | D55: Abog. JUAN VALDEZ | F55: =+ENCABEZADO!F54 -> BLAS TITO BENEGAS ISEAS
B56: CONTADOR | D56: SINDICO | F56: =+ENCABEZADO!F55 -> PRESIDENTE

Sheet ESTADO DE RESULTADO
B3: CREDISOLUCION S.A.E.C.A.
B4: ESTADOS DE RESULTADO
B5: Por el ejercicio finalizado al 31/12/2019 comparativo con el ejercicio anterior
B6: (En miles de guaranies)
D8: Ejercicio Finalizado el
D9: 43830 | E9: 43465
C10: INGRESOS OPERATIVOS (Nota E.1) | D10: 40548909 | E10: 33638661
C12: Costos Financieros (Anexo H y Nota E.2) | D12: 17175851 | E12: 15593134
C14: Gastos de comercialización (Anexo H y Nota E.3) | D14: 3711709.9 | E14: 3212012.4
C16: Gastos de administración (Anexo H, NOTA E.4) | D16: 9397476.2 | E16: 7911313.5
C19: Resultado financiero | D19: 10263871 | E19: 6922200.7
C21: Otros ingresos y egresos no Operativos (Nota E.5) | D21: 711593.08 | E21: 400552.33
C23: Perdida por Venta de Cartera de Credito | D23: 5183036.2 | E23: 2643836
C25: Impuesto a la Renta | D25: 770170.71 | E25: 738790.67
C26: Ganancia (Perdida) del ejercicio | D26: 5022257.3 | E26: 3940126.4
B30: Las notas y los anexos que se acompañan son parte integrante de los estados contables
B34: HUMBERTO RAMALHO | C34: Abog. JUAN VALDEZ | E34: =+ENCABEZADO!F54 -> BLAS TITO BENEGAS ISEAS
B35: CONTADOR | C35: SINDICO | E35: =+ENCABEZADO!F55 -> PRESIDENTE

Sheet FLUJO EFECTIVO
B4: CREDISOLUCION S.A.E.C.A.
B5: ESTADO DE ORIGEN Y APLICACIÓN DE FONDOS
B6: (En miles de guaranies)
B7: Por el ejercicio finalizado al 31/12/2019
G8: 43830 | H8: 43465
C10: Ingresos por Intereses y Servicios | G10: 41260502 | H10: 34039213
C11: Costos financieros, Gastos adm y de ventas | G11: 30285037 | H11: 26716460
C12: Perdias extraordinarias e Impuestos | G12: 5953206.9 | H12: 3382626.7
C13: Utilidades Acumuladas | H13: 0
B15: Utilidad Neta del Ejercicio | G15: 5022257.3 | H15: 3940126.4
B16: Ajustes a la Utilidad del Ejercicio
C17: Depreciación de Bienes de Uso | G17: 303555.22 | H17: 197545.76
C18: Constitución de Previsiones | G18: 3315283.5 | H18: 3181456.2
C19: Desafectación de Previsiones | G19: 0 | H19: 0
C20: Aplicación de Previsiones | G20: 0
C21: Ajuste de Ejercicios Anteriores | G21: 0 | H21: 0
C22: Amortización Cargos Diferidos | G22: 25310.996 | H22: 16652.158
G24: 8666407.1 | H24: 7335780.5
B25: Resultado de Operaciones antes de Cambios
B26: en el Capital de Trabajo
C27: Disminución (Aumento) de Créditos Vigente Sector Financiero | G27: 0 | H27: 0
C28: Disminución (Aumento) de Créditos Vigente Sector No Financiero | G28: -17655144 | H28: -27867615
C29: Disminución (Aumento) de Créditos Diversos | G29: -44333.125 | H29: 279045.44
C30: Disminución (Aumento) de Créditos Vencidos | G30: -9733564.4 | H30: -7527986.5
C31: Disminución (Aumento) de Cargos Diferidos | G31: 30673.581 | H31: -8188.0805
C32: Aumento (Disminución) de Obligaciones Sector No Financiero | G32: 9607799.5 | H32: 23649686
C33: Aumento (Disminución) de Obligaciones Sector No Financiero | G33: -1000000 | H33: 0
C34: Aumento (Disminución) de Obligaciones Diversas | G34: -101935.17 | H34: 309054.65
C35: Aumento/Disminución de Provisiones | G35: 177211.7 | H35: -130918.92
B36: Efectivo Neto y Equivalente de Efectivo
B37: por Actividades de Operación | D37: A | G37: -10052885 | H37: -3961141.5
B39: Flujo de Efectivo y Equivalente de Efectivo
B40: por Actividades de Inversión
C41: Compra de Activo Fijo | G41: -375143.86 | H41: -787539.43
C42: Disminución (Aumento) de Valores Públicos | H42: 0
C43: Disminución (Aumento) de Inversiones | G43: 0 | H43: -150000
B44: Efectivo y Equivalente de Efectivo
B45: por Actividades de Inversión | D45: B | G45: -375143.86 | H45: -937539.43
B47: Flujo de Efectivo y Equivalente de Efectivo
B48: por Actividad de Financiamiento
C49: Integración de capital | G49: 10523112 | H49: 5263385.8
B50: Efectivo Neto y Equivalente de Efectivo
B51: por Actividades de Financiamiento | D51: C | G51: 10523112 | H51: 5263385.8
B53: Aumento Neto de Efectivo y sus Equivalentes | D53: (A + B + C) | G53: 95083.112 | H53: 364704.86
B54: Efectivo y sus equivalentes al Inicio del Periodo | G54: 2908991.1 | H54: 2544286.2
B56: Efectivo y sus Equivalente al Final del Periodo | G56: 3004074.2 | H56: 2908991.1
B61: HUMBERTO RAMALHO | C61: Abog. JUAN VALDEZ | G61: =+ENCABEZADO!F54 -> BLAS TITO BENEGAS ISEAS
B62: CONTADOR | C62: SINDICO | G62: =+ENCABEZADO!F55 -> PRESIDENTE

Sheet E. DE EVOL. DEL PATRI. 
N2: 1000
A3: CREDISOLUCION S.A.E.C.A.
A5: ESTADO DE EVOLUCION DEL PATRIMONIO NETO
A6: (En milies de guaranies)
A7: Por el ejercicio finalizado al 31/12/2019
C9: Aporte de los Socios | H9: Ganancias reservadas
B10: RUBROS | C10: Capital Social | D10: Primas de Emision | E10: Aportes no Capitaliz. | F10: OTROS | G10: Total | H10: Reserva Legal | I10: Otras Reservas | J10: Total | K10: Resultados no asignados | L10: Total Patrimonio del Neto
B11: Saldo al cierre del periodo del 31/12/2018 | C11: 17322000 | D11: 179000 | E11: 4035.116 | G11: 17505035 | H11: 373593.72 | I11: 144098.14 | J11: 517691.86 | K11: 3940126.4 | L11: 21962853
B13: Saldo ajustado | C13: 17322000 | D13: 179000 | E13: 4035.116 | G13: 17505035 | H13: 373593.72 | I13: 144098.14 | J13: 517691.86 | K13: 3940126.4 | L13: 21962853
J14: 0
B15: Asignacion de Resultados Acumulados | C15: 3066346.4 | G15: 3066346.4 | J15: 0 | K15: -3066346.4 | L15: 0
B16: Aporte del 3er semestre a utilid a distr | K16: 0 | L16: 0
B17: Trasferencia a reservas
B18: Reserva de revaluo | I18: 38586.297 | J18: 38586.297 | K18: 0 | L18: 38586.297
B19: Reserva Legal | H19: 197006.72 | J19: 197006.72 | K19: -197006.72 | L19: 0
B20: Aporte de capital | C20: 7427654 | G20: 7427654 | J20: 0 | K20: 0 | L20: 7427654
B21: Pago de Dividendos | K21: -676774.4 | L21: -676774.4
B22: Prima de Emision | D22: 31349.6 | G22: 31349.6 | J22: 0 | K22: 0 | L22: 31349.6
B23: Resultado del Ejercicio | J23: 0 | K23: 5022257.3 | L23: 5022257.3
B24: Aportes para futuras Capitalizaciones | E24: -2237.842 | G24: -2237.842 | J24: 0 | L24: -2237.842
B25: Saldos al cierre del ejercicio | C25: 27816000 | D25: 210349.6 | E25: 1797.274 | F25: 0 | G25: 28028147 | H25: 570600.44 | I25: 182684.44 | J25: 753284.88 | K25: 5022257.1 | L25: 33803689
B31: HUMBERTO RAMALHO | F31: Abog. JUAN VALDEZ | J31: =+ENCABEZADO!F54 -> BLAS TITO BENEGAS ISEAS
B32: CONTADOR | F32: SINDICO | J32: =+ENCABEZADO!F55 -> PRESIDENTE

Sheet NOTAS A LOS EEFF
B2: NOTAS A LOS ESTADOS FINANCIEROS
B3: Correspondiente al ejercicio cerrado al 31 de diciembre de 2019.
B6: NOTA A | C6: CONSIDERACIÓN DEL DIRECTORIO
C7: Los Estados Contables de la Institución finalizados al 31 de diciembre de 2019, serán sometidos a la consideración y aprobación del directorio.
B8: NOTA B | C8: INFORMACIÓN BÁSICA SOBRE LOS ESTADOS CONTABLES
C9: B.1. Naturaleza jurídica
C10: Credisolución S.A. fue creada por escritura pública N° 40 de fecha 14 de julio de 2010, inscripta en la Sección Personas Jurídicas y Asociaciones, bajo el Nº 549, y al folio 6246, Serie “A”, el 23 de Julio de 2010 y en el Registro Público de Comercio, Registro de Contratos bajo el Nº 311 serie “G” folio 4538 y sgtes, el 23 de julio de 2010; fijando domicilio legal en Colón Nro. 402 esquina Estrella de la ciudad de Asunción, con personería jurídica reconocida, patrimonio, contabilidad y administración propios, que se regirá por las disposiciones del código civil, ley del comerciante, la Subsecretaria de Estado de Tributación y otras disposiciones legales afines y resoluciones de su Directorio.
C11: Modificaciones a los Estatutos Sociales:
C12: Por Escritura Pública Nº 132 de fecha 16 de mayo de 2013, la que fuera inscripta en la Sección Personas Jurídicas y Asociaciones, bajo el Nº 498 y al folio 6858, Serie “C”, el 03 de setiembre de 2013, y en el Registro Público de Comercio, Registro de Contratos, bajo el Nº 132, Serie “H”, folio 1403 y sgtes. el 14 de septiembre de 2013.
C14: Por Escritura Pública Nº 17 de fecha 19 de setiembre de 2016, la que fuera inscripta en la Sección Personas Jurídicas y Asociaciones, bajo el Nº 1 y al folio 01, Serie Comercial, el 22 de diciembre de 2016, y Registro Público de Comercio, baja el Nº 01, folio 1-10 y sgtes, Serie Comercial, en fecha 22 de diciembre de 2016.
C16: Por transformación de la sociedad S.A. a S.A.E.C.A. por Escritura Pública Nº 45 de fecha 24 de noviembre de 2017, inscripta en la Sección Personas Jurídicas y Asociaciones, bajo el Nº 02 folio 11 y sgtes, Serie Comercial, el 09 de marzo de 2018, y en el Registro Público de Comercio, bajo el Nº 02, folio 11-26, Serie Comercial, el 9 de marzo de 2018.
C18: Por aumento de capital social por Escritura Nº 24 de fecha 18 de octubre del 2018, inscripto en el Registro de Personas Jurídicas y Asociaciones bajo el Nº 03, folio 31 Serie Comercial, en fecha 24 de enero del 2019 e inscripto en el Registro Público de Comercio bajo el Nº 03 y el folio 31 y sgtes. Serie Comercial de fecha 24 de enero del 2019.
C20: B.2. Base de preparación de los Estados Contables
C22: Los estados Contables se han preparado de acuerdo con las normas contables y criterios de valuación dictados por la Comisión Nacional de Valores y con normas de información contable emitidos por el Consejo de Contadores del Paraguay.
C23: Los Estados Financieros han sido preparados sobre la base de cifras históricas. Estos estados no reflejan los efectos de las variaciones en el poder adquisitivo de la moneda local, ya que la corrección monetaria no constituye una práctica contable corriente en el Paraguay. En el ejercicio cerrado al 31 de diciembre de 2019, el IPC fue de 2.8 %.
C24: Los saldos de Activos y Pasivos en moneda extranjera están valuados al cierre al tipo de cambio Vendedor 1Usd= Gs. 6.463,95, los resultados generados por las variaciones cambiarias son reconocidos como ingresos y/o gastos del período en el que ocurrieron
C26: B.3. Sucursales en el exterior
... C38: B.6. Nómina de la Dirección y el Personal Superior
C40: Descripción del Cargo | H40: Nombre y Apellido
C41: Presidente | H41: Blas Tito Benegas Iseas
C42: Vice Presidente | H42: Juan Max Rejalaga Quiñones
C43: Director Titular | H43: Mauricio Javier Cordero Codas
C44: Director Titular | H44: Eder Odvar Lópes
C45: Director Titular | H45: Erdulfo Javier Galeano Figueredo
C46: Síndico Titular | H46: Abog. Juan Victoriano Valdez Isasi.
C47: Síndico Suplente | H47: Abog. Marcelo Manuel Halley Herr.
B49: NOTA C | C49: INFORMACIÓN REFERENTE A LOS ACTIVOS Y PASIVOS
C50: C.1. Disponible
C51: Representa los fondos de libre disponibilidad en moneda local conforme al siguiente detalle:
D53: EN MILES DE Gs.
C54: CUENTA | D54: 43800 | E54: 43435
C55: CAJERO 01 | D55: 266976 | E55: 104387
C56: CAJERO 02 | D56: 28794 | E56: 0
C57: CAJERO 06 | D57: 38685 | E57: 22346
C58: CAJERO 09 | D58: 18844 | E58: 120915
C59: CAJA TESORERIA | D59: 4076 | E59: 173519
C60: CAJERO 11 | D60: 20000 | E60: 0
C61: CAJERO 13 | D61: 108879 | E61: 25214
C62: CAJERO 19 | D62: 250640 | E62: 0
C63: CAJERO 20 | D63: 3192 | E63: 0
C64: CAJA CHICA MATRIZ | D64: 3000 | E64: 3000
C65: CAJA CHICA CDE | D65: 1500 | E65: 822
... C94: TOTAL | D94: 3004074 | E94: 2908991
C96: C.2 Depósitos en el Exterior
C97: La Entidad no posee depósitos en entidades Financieras en el Exterior
C99: C.3 Valores Públicos
C101: La Entidad no posee valores públicos.
C103: C.4. Cartera de créditos
C105: Registra los derechos a favor de Credisolución S.A.E.C.A. Para el reconocimiento de los intereses en el Estado de Resultados se aplica los siguientes criterios.
C107: Para una mejor exposición los deudores han sido clasificados en categorías de riesgo según se expone en el cuadro siguiente.
C108: • Se han constituido todas las previsiones necesarias para cubrir las eventuales pérdidas que pudieran derivarse de la incobrabilidad de los créditos.
C109: • Los intereses devengados sobre saldos de deudores clasificados en la categoría de menor riesgo, han sido reconocidos como ingresos en su totalidad.
C110: • Los intereses devengados sobre cartera vencida con atrasos superiores a 60 días, son registrados como intereses en suspenso
C112: Créditos Vigentes y Vencidos – Sector No Financiero
D113: En Miles de Gs.
D114: 43800 | E114: 43435
C116: Préstamos a Cobrar vigente | D116: 78428306 | E116: 64053026
C117: Préstamos a cobrar Vencidos | D117: 29479187 | E117: 22336412
C118: TOTAL CREDITOS CORRIENTES | D118: 107907493 | E118: 86389438
C120: Préstamos a cobrar vigentes | D120: 16160266 | E120: 13804507
C121: Préstamos a cobrar Vencidos | D121: 754890 | E121: 1136381
C122: TOTAL CREDITOS NO CORRIENTES | D122: 16915156 | E122: 14940888
C124: TOTAL CARTERA | D124: 124822649 | E124: 101330327
C127: C.5. Previsiones sobre riesgos de créditos directos y contingentes
C128: Las previsiones son calculadas siguiendo lineamientos de las políticas contables establecidas con por la empresa.
C130: Previsiones por Riesgo en Miles de Guaraníes.
C131: Previsiones | D131: 43800 | G131: 43435
C132: CATEGORIA | D132: RIESGO | E132: % | F132: PREVISIONES | G132: RIESGO | H132: % | I132: PREVISIONES
C133: 0 vigente | D133: 98849621 | E133: 0 | F133: 0 | G133: 81922486 | H133: 0 | I133: 0
C134: 1 mora entre 91 y 120 días | D134: 3566368 | E134: 0 | F134: 0 | G134: 3722364 | H134: 0 | I134: 0
C135: 2 mora entre 121 y 180 días | D135: 5808324 | E135: 0 | F135: 0 | G135: 5113603 | H135: 0 | I135: 0
C136: 3 mora entre 181 a 270 días | D136: 6472273 | E136: 0.15 | F136: 970841 | G136: 5264508 | H136: 0.15 | I136: 789676
C137: 4 mora entre 271 y 365 días | D137: 5953612 | E137: 0.25 | F137: 1488403 | G137: 5307366 | H137: 0.25 | I137: 1326841
C138: 5 mora entre 366 a 400 días | D138: 2417410 | E138: 0.5 | F138: 1208705 | H138: 0.5 | I138: 0
C139: 6 Mora entre 401 y 540 días | D139: 1724756 | E139: 0.75 | F139: 1293567 | H139: 0.75 | I139: 0
C140: 7 Mora Mayor a 540 | D140: 30285 | E140: 1 | F140: 30285 | G140: 0 | H140: 1 | I140: 0
C141: TOTAL | D141: 124822649 | F141: 4991801 | G141: 101330327 | I141: 2116518
C142: PREVISIONES GENERICAS | F142: 3150000 | I142: 2670000
C143: TOTAL PREVISIONES | F143: 8141801 | I143: 4786518
C145: Información complementaria a notas a los estados contables s/ Res. CNV N° 32/17.
C147: Composición de la Cartera de Créditos al 31/12/2019
C148: Situación | D148: Monto(en M G.) | E148: Previsiones
E149: en M G. | F149: % Prev. s/Cartera
C150: A. Total Cartera no Vencida | D150: 93555833
C151: Composición Cartera Vencida
C152: Normal | D152: 4162364.9
C153: En Gestión de Cobro | D153: 13289182 | E153: =1364134316.75/1000 -> 1364134.3 | F153: =+E153/D153 -> 0.10264998
C154: En Gestión de Cobro Judicial | D154: =13815268883/1000 -> 13815269 | E154: =3627666836.25/1000 -> 3627666.8 | F154: =+E154/D154 -> 0.26258387
C155: B. Total Cartera Vencida | D155: =SUM(D152:D154) -> 31266816
C157: 31/12/2019 ( A+B ) | D157: =+D150+D155 -> 1.2482265e+08
C158: (-) TOTAL PREVISIONES AL 31/12/2019 | D158: =+E153+E154 -> 4991801.2
C159: TOTAL NETO CARTERA DE CREDITOS AL 31/12/2019 | D159: =+D157-D158 -> 1.1983085e+08
C161: Observaciones
C162: Criterios de Clasificación Utilizados
C163: Normal | D163: de 61 a 90 días de atraso
C164: En Gestión de Cobro | D164: de 91 en adelante en general
C165: En Gestión de Cobro Judicial | D165: de 271 días de atraso en adelante en general
C167: C.6. Otros Activos
C168: El rubro se compone de las siguientes cuentas:
D170: En Miles de Gs.
...

Sheet Anexo a Personas vinculadas
B4: ANEXO A
B5: A) PARTES VINCULADAS O RELACIONADAS
B6: A.1 Según Art. 324 de Ley de Mercado de Valores
B7: Inciso a)
B8: Nombre de accionistas | C8: % de participación
B9: Blas Tito Benegas Iseas | C9: 0.14639057
B10: Juan Max Rejalaga | C10: 0.13948806
B11: Inciso b)
B12: Nombre de accionistas | C12: % de participación
B13: Agricola entre Rios S.A. | C13: 0.10609002
B14: Inciso c)
B15: Nombre de accionistas | C15: S/Registro de Asistencia a Asamblea Gral. Ordinaria
B16: Blas Benegas | C16: de fecha 30/03/2019
B17: Juan Max Rejalaga | C17: de fecha 30/03/2019
B18: Agrícola Entre Ríos S.A. | C18: de fecha 30/03/2019
B19: María del Carmen Torres | C19: de fecha 30/03/2019
B20: Evelyn Rodriguez | C20: de fecha 30/03/2019
B21: Adriana Sienra | C21: de fecha 30/03/2019
B22: Camila Rejalaga | C22: de fecha 30/03/2019
B23: Eder Odvar Lopes | C23: de fecha 30/03/2019
B24: Erdulfo Javier Galeano | C24: de fecha 30/03/2019
B25: Francisco Capli | C25: de fecha 30/03/2019
B26: Inciso d)
B27: Nombres y Apellidos | C27: Cargo
B28: Blas Tito Benegas Iseas. | C28: Presidente
B29: Juan Max Rejalaga Quiñones. | C29: Vicepresidente
B30: Mauricio Javier Cordero Codas | C30: Director Titular
B31: Eder Odvar Lopes | C31: Director Titular
B32: Erdulfo Javier Galeano | C32: Director Titular
B33: Juan Victoriano Valdez Isasi. | C33: Síndico Titular
B34: Marcelo Manuel Halley Herr | C34: Síndico Suplente
B35: Carlos Balteyro | C35: Gerente General
B36: Fidelina Ortiz | C36: Auditor Interno
B37: Humberto Ramalho | C37: Contador General
B38: Carlos Balteyro | C38: Apoderado
... B41: Lidia Centurion | C41: Gerente de Cobranzas
B42: Otros: Los cónyuges y parientes hasta el segundo grado de consanguinidad o afinidad de las personas referidas en los incisos anteriores, siempre que tengan participación en el capital de la sociedad.
B43: Nombres y Apellidos
B44: Camila Rejalaga
B45: Adriana Sierna
B46: Adriana Cordero Codas
B47: Angela Iseas de Benegas
B48: César Louis Benegas
B49: Isis Amparo Benegas
B50: Roberta Ribeiro de Arruda
B51: Silvia Codas de Cordero
B53: Según Art. 27 de la Res. 763/04
B54: A.2 INVERSIONES DE LA SOCIEDAD EN VALORES DE OTRAS EMPRESAS QUE REPRESENTEN EL 10% DEL ACTIVO DE LA SOCIEDAD
B55: Nombre de la empresa | C55: Monto de la inversión | D55: Tipo de valor | E55: Indicar el porcentaje de participación en el capital integrado de la sociedad emisora (solo en el caso de inversión en acciones)
B56: No se registran inversiones en valores de otras empresas que representen más del 10% del activo de la sociedad.
B58: A.3 ACTIVOS DE LA SOCIEDAD COMPROMETIDOS EN MAS DEL 20% EN GARANTIA DE OBLIGACIONES DE OTRA U OTRAS EMPRESAS
B59: Nombre de la empresa | C59: Valor de los bienes gravados | D59: Tipo de bien o valor | E59: Monto de la deuda garantizada
B60: No se registran activos de la Sociedad comprometidos en más del 20% en garantía de obligaciones de otra u otras empresas.
B61: A.4 Vinculación por nivel de endeudamiento:
B62: NOMBRE DE LA SOCIEDAD VINCULADA | C62: FACTORES DE VINCULACION
B63: N/A | C63: N/A
B64: B) SALDO CON PARTES RELACIONADAS
B65: Activo
B66: Al 31/DIC/2019 Y Al 31/DIC/2018
B67: En forma comparativa con el mismo periodo del año anterior.
B68: Activo
B69: Cuentas por cobrar | C69: N/A
B71: Pasivo | C71: En Miles de Gs.
B72: Cuentas a pagar prestamos de accionistas | C72: 43830 | D72: 43465
B73: Blas Tito Benegas Iseas | C73: 7869296.3 | D73: 4188028.1
B74: Juan Max Rejalaga | C74: 5665527.1 | D74: 5723385.2
B75: María del Carmen Torres | C75: 162380.27 | D75: 61480.149
B76: Adriana Sienra | C76: 986414.7 | D76: 202413.79
B77: Mauricio Javier Cordero Codas | C77: 2021568 | D77: 2324458
B79: Ingresos (con sus conceptos y distinguir nombres de partes relacionadas indicadas en A) | D79: N/A
B80: Egresos (con sus conceptos y distinguir nombres de partes relacionadas indicadas en A)
B81: Las transacciones en el periodo fueron las siguientes:
D82: En Miles de Gs.
B83: NOMBRE | C83: CONCEPTO | D83: 43830 | E83: 43465
B84: ADRIANA PATRICIA SIENRA KLEIN | C84: Intereses | D84: 156822 | E84: 112541.21
B85: ANTONIO VICTOR JOSÉ SÁNCHEZ FELIU | C85: Salarios Comisiones y Otros | D85: 89052 | E85: 226638.9
B86: BLAS TITO BENEGAS ISEAS | C86: Honorarios intereses y otros | D86: 1360006 | E86: 941214.04
B87: CARLOS FRANCISCO BALTEYRO | C87: Salarios Comisiones y Otros | D87: 327500 | E87: 332385.52
B88: HUMBERTO JOAO RAMALHO FERREIRA | C88: Honorarios | D88: 93476 | E88: 101250
B89: JUAN MAX REJALAGA QUIÑONES | C89: Honorarios; intereses y otros | D89: 1279637 | E89: 1057164.6
B90: JUAN VICTORIANO VALDEZ ISASI | C90: Honorarios | D90: 7836.364 | E90: 9636.364
B91: JAVIER GALEANO | C91: intereses | D91: 43789 | E91: 0
B92: MARCELO MANUEL HALLEY | C92: Honorarios | D92: 10000 | E92: 5000
B93: MAURICIO JAVIER CORDERO CODAS | C93: intereses y dietas | D93: 244545 | E93: 328848.28
B94: MARIA DEL CARMEN TORRES | C94: Salarios | D94: 73125 | E94: 88543.956
... B97: LIDIA CENTURION | C97: Salarios | D97: 104170 | E97: 52500
B100: Firma del representante legal de la entidad fiscalizada y aclaración:

Sheet anexo 1 
B5: CREDISOLUCION S.A.E.C.A.
B6: ANEXO I
B8: Composición de la Cartera de Créditos al 31/12/2019
B9: Situación | C9: Monto(en M G.) | D9: Previsiones
D10: en M G. | E10: % Prev. s/Cartera
B11: A. Total Cartera no Vencida | C11: 93555833
B12: Composición Cartera Vencida
B13: Normal | C13: 4162364.9
B14: En Gestión de Cobro | C14: 13289182 | D14: =1364134316.75/1000 -> 1364134.3 | E14: =+D14/C14 -> 0.10264998
B15: En Gestión de Cobro Judicial | C15: =13815268883/1000 -> 13815269 | D15: =3627666836.25/1000 -> 3627666.8 | E15: =+D15/C15 -> 0.26258387
B16: B. Total Cartera Vencida | C16: =SUM(C13:C15) -> 31266816
B18: 31/12/2019 ( A+B ) | C18: =+C11+C16 -> 1.2482265e+08
B19: (-) TOTAL PREVISIONES AL 31/12/2019 | C19: =+D14+D15 -> 4991801.2
B20: TOTAL NETO CARTERA DE CREDITOS AL 31/12/2019 | C20: =+C18-C19 -> 1.1983085e+08
B22: Observaciones
B23: Criterios de Clasificación Utilizados
B24: Normal | C24: de 61 a 90 días de atraso
B25: En Gestión de Cobro | C25: de 91 en adelante en general
B26: En Gestión de Cobro Judicial | C26: de 271 días de atraso en adelante en general
B30: HUMBERTO RAMALHO | C30: Abog. JUAN VALDEZ | D30: =+ENCABEZADO!F54 -> BLAS TITO BENEGAS ISEAS
B31: CONTADOR | C31: SINDICO | D31: =+ENCABEZADO!F55 -> PRESIDENTE

Sheet ANEXO A
N2: ANEXO A
B3: CREDISOLUCION S.A.E.C.A.
B4: BALANCE GENERAL AL 31/12/2019
B5: (En miles de guaranies)
B6: BIENES DE USO
C8: VALORES DE ORIGEN | H8: AMORTIZACIONES
B9: CUENTAS | C9: Al inicio del periodo | D9: Altas y transf. Del periodo | E9: Bajas del periodo | F9: Revalúo del periodo | G9: Al cierre del periodo | H9: Acumuladas al inicio del periodo | I9: % | J9: Altas del periodo | K9: Bajas del periodo | L9: Depreciacion del periodo | M9: Acumuladas al cierre del periodo | N9: Neto Resultante 2019
B11: Muebles y Utiles | C11: 563080.33 | D11: 136989.55 | E11: 0 | F11: 12216.15 | G11: 712286.03 | H11: 128357.37 | I11: 0.1 | J11: 58644.499 | K11: 0 | L11: 58644.499 | M11: 187001.86 | N11: 525284.16
B12: Maquinas | C12: 99357.137 | D12: 7792.211 | E12: 0 | F12: 2205.584 | G12: 109354.93 | H12: 20869.408 | I12: 0.1 | J12: 10318.599 | K12: 0 | L12: 10318.599 | M12: 31188.007 | N12: 78166.925
B13: Equipos | C13: 691957.66 | D13: 111917.73 | E13: 0 | F13: 3332 | G13: 807207.39 | H13: 117921.47 | I13: 0.1 | J13: 52086.29 | K13: 0 | L13: 52086.29 | M13: 170007.76 | N13: 637199.63
B14: Equipos de Computacion | C14: 519163.87 | D14: 67884.364 | E14: 0 | F14: 6610.01 | G14: 593658.24 | H14: 283940.54 | I14: 0.25 | J14: 90465.924 | K14: 0 | L14: 90465.924 | M14: 374406.46 | N14: 219251.78
B15: Instalaciones | C15: 307773.05 | D15: 144747.08 | E15: 0 | F15: 7147.615 | G15: 459667.74 | H15: 53418.599 | I15: 0.1 | J15: 22492.724 | K15: 0 | L15: 22492.724 | M15: 75911.323 | N15: 383756.42
B16: Mejoras en Propiedad de Terceros | C16: 295472.86 | D16: 158754.66 | E16: 0 | F16: 19101.415 | G16: 473328.93 | H16: 33312.901 | I16: 0.2 | J16: 69547.181 | K16: 0 | L16: 69547.181 | M16: 102860.08 | N16: 370468.85
B18: Totales ejercicio actual | C18: 2476804.9 | D18: 628085.59 | F18: 50612.774 | G18: 3155503.3 | H18: 637820.28 | J18: 303555.22 | L18: 303555.22 | M18: 941375.49 | N18: 2214127.8
B19: Totales ejercicio Anterior | C19: 1997946 | D19: 951526 | F19: 33005 | G19: 2982477 | H19: 951524 | J19: 191972 | L19: 191972 | M19: 1143496 | N19: 1838985
B23: HUMBERTO RAMALHO | F23: Abog. JUAN VALDEZ | L23: =+ENCABEZADO!F54 -> BLAS TITO BENEGAS ISEAS
B24: CONTADOR | F24: SINDICO | L24: =+ENCABEZADO!F55 -> PRESIDENTE

Sheet ANEXO B
K2: ANEXO B
B3: CREDISOLUCION S.A.E.C.A.
B4: BALANCE GENERAL AL 31/12/19
B5: (En miles de guaranies)
B6: ACTIVOS INTANGIBLES
C7: VALORES DE ORIGEN | G7: AMORTIZACIONES
B8: CUENTAS | C8: Al inicio del periodo | D8: Aumentos | E8: Disminución | F8: Al cierre del periodo | G8: Acumuladas al inicio del periodo | H8: Del periodo | I8: Bajas | J8: Acumuladas al cierre del periodo | K8: Neto Resultante
B9: Software | C9: 203856.18 | D9: 0 | E9: 0 | F9: 203856.18 | G9: 136232.13 | H9: 25310.996 | I9: 0 | J9: 161543.12 | K9: 42313.059
B10: Gastos de organizacion | C10: 56062.292 | D10: 0 | F10: 56062.292 | G10: 56062.292 | H10: 0 | J10: 56062.292 | K10: 0
B11: Totales ejercicio Actual | C11: 259918.47 | D11: 0 | E11: 0 | F11: 259918.47 | G11: 192294.42 | H11: 25310.996 | I11: 0 | J11: 217605.41 | K11: 42313.059
B12: Totales ejercicio Anterior | C12: 147433.29 | D12: 25792 | E12: 0 | F12: 173225.29 | G12: 27521 | H12: 16652 | I12: 0 | J12: 100235.29 | K12: 72997
B16: HUMBERTO RAMALHO | E16: Abog. JUAN VALDEZ | I16: =+ENCABEZADO!F54 -> BLAS TITO BENEGAS ISEAS
B17: CONTADOR | E17: SINDICO | I17: =+ENCABEZADO!F55 -> PRESIDENTE

Sheet ANEXO C
M2: ANEXO C
B3: CREDISOLUCION S.A.E.C.A.
B4: BALANCE GENERAL AL 31/12/2019
B5: (En miles de guaranies)
B6: INVERSIONES, ACCIONES, DEBENTURES Y OTROS TITULOS EMITIDOS EN SERIE
B7: PARTICIPACION EN OTRAS SOCIEDADES
J9: Información sobre el emisor
M10: Según Ultimo Balance
B11: Denominacion y caracteristicas de los valores Emisor | C11: Clase | D11: Valor Nominal | E11: Cantidad | F11: Valor Nominal Total | G11: Valor Patrim. Proporc. | H11: Valores de Libro | I11: Valor de Cotización | J11: % de Cotización | K11: Actividad Principal | L11: Capital | M11: Resultado | N11: Patr. Neto
B12: Inversiones Temporarias (Detallar)
B13: Totales ejercicio actual | C13: NO APLICABLE
B14: Total ejercicio anterior
B15: Inversiones Permanentes (Detallar) | C15: Clase | D15: Valor Nominal | E15: Cantidad | F15: Valor Nominal Total | G15: Valor Patrim. Proporc. | H15: Valores de Libro | I15: Valor de Cotización | J15: % de Cotización | K15: Actividad Principal | L15: Capital | M15: Resultado | N15: Patr. Neto
B16: BIC SOCIEDAD ANONIMA | C16: Acciones BIC S.A. | D16: 10000 | E16: 15 | F16: =+D16*E16 -> 150000 | G16: 8412 | H16: =+F16 -> 150000 | I16: =+H16 -> 150000 | J16: 0.056 | K16: CENTRAL DE RIESGOS | L16: 4080000 | M16: 228809 | N16: 3119055
B17: Total ejercicio anterior
B21: HUMBERTO RAMALHO | F21: Abog. JUAN VALDEZ | K21: =+ENCABEZADO!F54 -> BLAS TITO BENEGAS ISEAS
B22: CONTADOR | F22: SINDICO | K22: =+ENCABEZADO!F55 -> PRESIDENTE

Sheet ANEXO D
G2: ANEXO D
B3: CREDISOLUCION S.A.E.C.A.
B4: BALANCE GENERAL AL 31/12/2019
B5: (En miles de guaranies)
B6: OTRAS INVERSIONES
B8: CUENTAS | C8: Valor de Costo | D8: Amortización | E8: Valor de Cotizac. | F8: Valor registrado año actual | G8: Valor registrado año anterior
B9: Inverisones Corrientes
B11: (Detallar) | C11: NO APLICABLE
B13: Subtotal
B15: Inversiones no Corrientes | C15: NO APLICABLE
B17: (Detallar)
B19: Subtotal
B20: Totales ejercicio
B25: HUMBERTO RAMALHO | D25: Abog. JUAN VALDEZ | F25: =+ENCABEZADO!F54 -> BLAS TITO BENEGAS ISEAS
B26: CONTADOR | D26: SINDICO | F26: =+ENCABEZADO!F55 -> PRESIDENTE

Sheet ANEXO E
G2: ANEXO E
B3: CREDISOLUCION S.A.E.C.A.
B4: BALANCE GENERAL AL 31/12/2019
B5: (En miles de guaranies)
B6: PREVISIONES
B8: RUBROS | C8: Saldos al inicio del ejercicio | D8: Aumentos (*) | E8: Disminución (*) | F8: Saldos al cierre del ejercicio | G8: Saldos al cierre del ejercicio anterior
B9: Deducidas del Activo
B11: Previsiones sobre prestamos | C11: =-BALANCE!D24 -> 4786517.6 | D11: =+F11-C11 -> 3355283.5 | E11: 0 | F11: =-BALANCE!C24 -> 8141801.2 | G11: =+C11 -> 4786517.6
B13: Total | C13: =+C11 -> 4786517.6 | D13: =+D11 -> 3355283.5 | E13: =+E11 -> 0 | F13: =+F11 -> 8141801.2 | G13: =+G11 -> 4786517.6
B15: Deducidas en el Pasivo
B17: Total | C17: 0 | D17: 0 | E17: 0 | F17: 0 | G17: 0
B18: Total de ejercicio | C18: =+C13+C17 -> 4786517.6 | D18: =+D13+D17 -> 3355283.5 | E18: =+E13+E17 -> 0 | F18: =+F13+F17 -> 8141801.2 | G18: =+G13+G17 -> 4786517.6
B19: total ejercicio anterior | C19: 1605061.4 | D19: 3181456.2 | E19: 0 | F19: 4786517.6 | G19: 1605061.4
B23: HUMBERTO RAMALHO | D23: Abog. JUAN VALDEZ | F23: =+ENCABEZADO!F54 -> BLAS TITO BENEGAS ISEAS
B24: CONTADOR | D24: SINDICO | F24: =+ENCABEZADO!F55 -> PRESIDENTE

Sheet ANEXO F
F3: ANEXO F
B4: CREDISOLUCION S.A.E.C.A.
B5: BALANCE GENERAL AL 31/12/2019
B6: (En miles de guaranies)
B7: COSTO DE MERCADERIAS O PRODUCTOS VENDIDOS O
B8: SERVICIOS PRESTADOS
C10: DETALLE | D10: Ejercicio Actual | E10: Ejercicio Anteriror
C12: I. COSTO DE MERCADERIAS O PRODUCTOS VENDIDOS
C14: Existencia al Comienzo del Periodo
C16: Mercaderias de reventa | D16: NO APLICABLE
C17: Productos Terminados
C18: Productos en Proceso
C19: Materias primas y materiales
C20: Otros
C22: Compras y Costos de Producción del Ejercicio
C24: a) Compras
C25: b) Costo de producción según anexo A
C27: Diferencia de Inventario
C28: Resutado por tenencia
C30: Exitencia al cierre del ejercicio
C32: Mercaderias de reventa | D32: NO APLICABLE
C33: Productos Terminados
C34: Productos en Proceso
C35: Materias primas y materiales
C36: Otros
C38: II. COSTOS DE SERVICIOS PRESTADOS
C41: COSTOS DE MERCADERIAS O PRODUCTOS VENDIDOS Y SERVICIOS PRESTADOS
B52: HUMBERTO RAMALHO | C52: Abog. JUAN VALDEZ | E52: =+ENCABEZADO!F54 -> BLAS TITO BENEGAS ISEAS
B53: CONTADOR | C53: SINDICO | E53: =+ENCABEZADO!F55 -> PRESIDENTE

Sheet ANEXO G
I4: ANEXO G
B5: CREDISOLUCION S.A.E.C.A.
B6: BALANCE GENERAL AL 31/12/2019
B7: (En miles de guaranies)
B8: ACTIVOS Y PASIVOS EN MONEDA EXTRANJERA
D9: Moneda Extranjera | G9: Moneda Local
C10: DETALLE | D10: Clase | E10: Monto | F10: Cambio Vigente | G10: Monto Ejerc. Act. | H10: Monto Ejerc. Ante.
C11: ACTIVO
C12: ACTIVOS CORRIENTES
C13: (Detallar)
C15: SUBTOTALES | D15: NO APLICABLE
C17: ACTIVOS NO CORRIENTES
C18: (Detallar)
C20: SUBTOTALES | D20: NO APLICABLE
C21: TOTALES | D21: NO APLICABLE
C24: PASIVOS CORRIENTES
C25: (Detallar)
C27: SUBTOTALES | D27: NO APLICABLE
C29: PASIVOS NO CORRIENTES
C30: (Detallar)
C32: SUBTOTALES | D32: NO APLICABLE
C33: TOTALES | D33: NO APLICABLE
C40: HUMBERTO RAMALHO | E40: Abog. JUAN VALDEZ | G40: =+ENCABEZADO!F54 -> BLAS TITO BENEGAS ISEAS
C41: CONTADOR | E41: SINDICO | G41: =+ENCABEZADO!F55 -> PRESIDENTE

Sheet ANEXO H
I2: ANEXO H
B3: CREDISOLUCION S.A.E.C.A.
B4: 43830
B5: (En miles de guaranies)
B6: INFORMACION REQUERIDA SOBRE COSTOS Y GASTOS
H7: TOTAL
C8: RUBROS | D8: Costos Financieros | E8: Gastos de Administrac. | F8: Gastos de Comercializ. | G8: Otros Gastos | H8: Ejercicio Actual | I8: Ejercicio Anterior
C10: Intereses pagados por prestamos | D10: 13860568 | E10: 0 | F10: 0 | G10: 0 | H10: 13860568 | I10: 12411678
D11: 0 | E11: 0 | F11: 0 | G11: 0 | H11: 0 | I11: 0
D12: 0 | E12: 0 | F12: 0 | G12: 0 | H12: 0 | I12: 0
D13: 0 | E13: 0 | F13: 0 | G13: 0 | H13: 0 | I13: 0
C14: Remuneraciones de administradores, directores, sindicos y consejo de vigilancia | D14: 0 | E14: 891659.36 | F14: 0 | G14: 0 | H14: 891659.36 | I14: 990454.74
D15: 0 | E15: 0 | F15: 0 | G15: 0 | H15: 0 | I15: 0
C16: Honorarios y Remuneraciones por servicios | D16: 0 | E16: 972606.57 | F16: 131429.13 | G16: 0 | H16: 1104035.7 | I16: 938390.18
D17: 0 | E17: 0 | F17: 0 | G17: 0 | H17: 0 | I17: 0
C18: Sueldos y Jornales | D18: 0 | E18: 3512831.9 | F18: 565909.56 | G18: 0 | H18: 4078741.4 | I18: 3964749.9
D19: 0 | E19: 0 | F19: 0 | G19: 0 | H19: 0 | I19: 0
D20: 0 | E20: 0 | F20: 0 | G20: 0 | H20: 0 | I20: 0
C21: Contribuciones sociales | D21: 0 | E21: 0 | F21: 0 | G21: 0 | H21: 0 | I21: 0
D22: 0 | E22: 0 | F22: 0 | G22: 0 | H22: 0 | I22: 0
C23: Regalías y Honorarios por servicios técnicos | D23: 0 | E23: 0 | F23: 0 | G23: 0 | H23: 0 | I23: 0
D24: 0 | E24: 0 | F24: 0 | G24: 0 | H24: 0 | I24: 0
C25: Gastos de publicidad y propaganda | D25: 0 | E25: 0 | F25: 35490.522 | G25: 0 | H25: 35490.522 | I25: 34983.637
D26: 0 | E26: 0 | F26: 0 | G26: 0 | H26: 0 | I26: 0
C27: Intereses, multas y recargos impositivos | D27: 0 | E27: 0 | F27: 0 | G27: 0 | H27: 0 | I27: 12203.508
D28: 0 | E28: 0 | F28: 0 | G28: 0 | H28: 0 | I28: 0
C29: Impuestos, tasas y contribuciones | D29: 0 | E29: 429818.64 | F29: 0 | G29: 0 | H29: 429818.64 | I29: 213801.37
D30: 0 | E30: 0 | F30: 0 | G30: 0 | H30: 0 | I30: 0
C31: Amortizacion de bienes de uso | D31: 0 | E31: 303555.22 | F31: 0 | G31: 0 | H31: 303555.22 | I31: 188346.86
D32: 0 | E32: 0 | F32: 0 | G32: 0 | H32: 0 | I32: 0
C33: Amortizacion activos intangibles | D33: 0 | E33: 25310.996 | F33: 0 | G33: 0 | H33: 25310.996 | I33: 21195.357
D34: 0 | E34: 0 | F34: 0 | G34: 0 | H34: 0 | I34: 0
C35: Previsiones por Prestamos | D35: 3315283.5 | E35: 0 | F35: 0 | G35: 0 | H35: 3315283.5 | I35: 3558950.7
D36: 0 | E36: 0 | F36: 0 | G36: 0 | I36: 0
C37: OTROS GASTOS | D37: 0 | E37: 3261964 | F37: 2978881 | H37: 6240845 | I37: 4381706
C39: Totales ejercicio actual | D39: 17175851 | E39: 9397746.7 | F39: 3711710.2 | G39: 0 | H39: 30285308
C40: Totales ejercicio anterior | D40: 15593134 | E40: 7911313.5 | F40: 3212012.4 | G40: 0 | I40: 26716460
B46: HUMBERTO RAMALHO | E46: Abog. JUAN VALDEZ | H46: =+ENCABEZADO!F54 -> BLAS TITO BENEGAS ISEAS
B47: CONTADOR | E47: SINDICO | H47: =+ENCABEZADO!F55 -> PRESIDENTE

Sheet ANEXO I
F3: ANEXO I
B4: CREDISOLUCION S.A.E.CA.
B6: EJERCICIO CERRADO AL 31/12/2019
B7: DATOS ESTADISTICOS
D9: Acumulado al Fin del Periodo
C10: INDICADORES OPERATIVOS | D10: 43830 | E10: 43465
C12: catidad de colaboradores | D12: 98 | E12: 97
C14: Cartera activa | D14: =(+BALANCE!C13+BALANCE!C23) -> 1.2482265e+08 | E14: =(+BALANCE!D13+BALANCE!D23) -> 1.0133033e+08
C16: Cartera Pasiva | D16: =(BALANCE!F11+BALANCE!F12+BALANCE!F23+BALANCE!F25) -> 87768448 | E16: =(BALANCE!G11+BALANCE!G12+BALANCE!G23+BALANCE!G25) -> 78402725
C18: Cantidad de Clientes | D18: 21285 | E18: 16889
C20: Cantidad de Operaciones | D20: 21631 | E20: 17240
C22: Sucursales | D22: 5 | E22: 4
B30: HUMBERTO RAMALHO | C30: Abog. JUAN VALDEZ | E30: =+ENCABEZADO!F54 -> BLAS TITO BENEGAS ISEAS
B31: CONTADOR | C31: SINDICO | E31: =+ENCABEZADO!F55 -> PRESIDENTE

Sheet ANEXO J
F3: ANEXO J
B4: CREDISOLUCION S.A.E.C.A.
B6: BALANCE GENERAL AL 31/12/2019
B7: INDICES ECONOMICO - FINANCIEROS
D9: Acumulado al Fin del Periodo
C10: INDICES | D10: 43830 | E10: 43465
C12: Liquidez (1) | D12: =+BALANCE!C18/BALANCE!F19 -> 1.7326505 | E12: =+BALANCE!D18/BALANCE!G19 -> 1.7096344
C15: Endeudamiento (2) | D15: =+BALANCE!F30/BALANCE!F40 -> 2.653446 | E15: =+BALANCE!G30/BALANCE!G40 -> 3.6886544
C18: Retabilidad (3) (Presentar sólo a fin del ejercicio) | D18: =('ESTADO DE RESULTADO'!D26+'ESTADO DE RESULTADO'!D25)/(BALANCE!F40-BALANCE!F39) -> 0.20125573 | E18: =('ESTADO DE RESULTADO'!E26+'ESTADO DE RESULTADO'!E25)/(BALANCE!G40-BALANCE!G39) -> 0.25961205
C20: (1) Activo Corriente/Pasivo Corriente | D20: (2) Total del Pasivo/Patrimonio Neto | E20: (3) Resultado Antes del Impuesto a la Renta/Patrimonio Neto Excluído el Resultado del Periodo
C25: HUMBERTO RAMALHO | D25: Abog. JUAN VALDEZ | E25: =+ENCABEZADO!F54 -> BLAS TITO BENEGAS ISEAS
C26: CONTADOR | D26: SINDICO | E26: =+ENCABEZADO!F55 -> PRESIDENTE
